 Dungeon Crawl Stone Soup version 0.23.2-11-gf996548c65 (webtiles) character file.

Game seed: 11155203106473040417

117 MalarOregon the Digger (level 5, -4/41 HPs)
             Began as a Ghoul Earth Elementalist on June 6, 2019.
             Slain by a river rat (5 damage)
             ... on level 3 of the Dungeon.
             The game lasted 00:07:49 (2232 turns).

MalarOregon the Digger (Ghoul Earth Elementalist)   Turns: 2232, Time: 00:07:50

Health: -4/41      AC:  2    Str: 12    XL:     5   Next: 1%
Magic:  3/7        EV: 12    Int: 11    God:
Gold:   107        SH:  0    Dex:  9    Spells: 7/8 levels left

rFire    . . .     SeeInvis .     - Unarmed
rCold    + . .     Gourm    .   (no shield)
rNeg     + + +     Faith    .   c - +0 robe
rPois    ∞         Spirit   .   (no helmet)
rElec    .         Reflect  .   (no cloak)
rCorr    .         Harm     .   (no gloves)
MR       .....                  (no boots)
Stlth    +.........             (no amulet)
HPRegen  0.00/turn              (no ring)
MPRegen  0.10/turn              (no ring)

@: very slightly contaminated, rotting, very slow
A: rotting body, claws 1, carnivore, cold resistance 1, negative energy
resistance 3, inhibited regeneration, torment resistance, unbreathing
a: no special abilities


You were on level 3 of the Dungeon.
You were not hungry.

You visited 1 branch of the dungeon, and saw 3 of its levels.

You collected 107 gold pieces.

Inventory:

Missiles
 b - 70 stones (quivered)
 j - 2 throwing nets {!f}
Armour
 c - a +0 robe (worn)
Scrolls
 d - 4 scrolls of identify {unknown}
 g - a scroll of fear {unknown}
 h - 3 scrolls of magic mapping {unknown}
 l - 2 scrolls of immolation {unknown}
Potions
 f - 5 potions of curing {unknown}
 i - a potion of magic {unknown}
 k - a potion of mutation {unknown}
Comestibles
 e - 5 rations {!d}


   Skills:
 * Level 2.0 Fighting
 * Level 2.5 Dodging
 + Level 2.9 Stealth
 * Level 2.3 Unarmed Combat
 + Level 2.1 Spellcasting
   Level 0.8 Transmutations
 + Level 3.6 Earth Magic


You had 7 spell levels left.
You knew the following spells:

 Your Spells              Type           Power        Failure   Level  Hunger
a - Sandblast             Erth           #.....       6%          1    ##.....

Your spell library contained the following spells:

 Spells                   Type           Power        Failure   Level  Hunger
 Passwall                 Tmut/Erth      #.......     17%         2    ###....
 Stone Arrow              Conj/Erth      #.....       38%         3    ####...
 Petrify                  Tmut/Erth      #.......     75%         4    #####..
 Lee's Rapid Deconstruct  Erth           #.........   87%         5    ######.


Dungeon Overview and Level Annotations

Branches:
Dungeon (3/15)

Altars:
Nemelex Xobeh


Innate Abilities, Weirdness & Mutations

Your body is rotting away.
You thrive on raw meat.
You are immune to poison.
You have sharp fingernails.
You are carnivorous and can eat meat at any time.
Your flesh is cold resistant. (rC+)
You are immune to negative energy. (rN+++)
You do not regenerate when monsters are visible.
You are immune to unholy pain and torment.
You can survive without breathing.


Message History

The river rat bites you!
* * * LOW HITPOINT WARNING * * *
You scratch the river rat. The river rat misses you.
Your unstable footing causes you to fumble your attack.
The river rat barely misses you.
You scratch the river rat but do no damage.
The river rat misses you.
Your unstable footing causes you to fumble your attack.
The river rat closely misses you.
Your unstable footing causes you to fumble your attack.
The river rat barely misses you.
Your unstable footing causes you to fumble your attack.
Your unstable footing causes you to fumble your attack.
The river rat barely misses you.
You barely miss the river rat. The river rat misses you.
Your unstable footing causes you to fumble your attack.
The river rat closely misses you.
Your unstable footing causes you to fumble your attack.
The river rat closely misses you.
You scratch the river rat but do no damage.
The river rat bites you!
* * * LOW HITPOINT WARNING * * *
You scratch the river rat but do no damage.
The river rat closely misses you.
Eat a chunk of flesh? (ye/n/q)
You eat the chunk of flesh.
This raw flesh tastes great!
The river rat bites you!
* * * LOW HITPOINT WARNING * * *
The river rat barely misses you. The river rat bites you.
* * * LOW HITPOINT WARNING * * *
The river rat bites you.
* * * LOW HITPOINT WARNING * * *
Aim: a river rat (severely wounded)
You miscast Sandblast.
You are very lightly contaminated with residual magic.
Nothing appears to happen.
The river rat barely misses you.
Aim: a river rat (severely wounded)
The blast of sand hits the river rat but does no damage.
b - 72 stones The river rat misses you.
Aim: a river rat (severely wounded)
The blast of sand hits the river rat but does no damage.
b - 71 stones The river rat closely misses you.
Aim: a river rat (severely wounded)
The blast of sand misses the river rat.
b - 70 stones The river rat bites you.
You die...

.)...........#
.............##########
.............##≈.≈≈≈≈.##
.............#≈#######÷#
.............#.##≈≈≈≈#≈#
.......(....##.#≈###≈#≈#
.....#.....(.#.#≈# #≈#
############.#≈#r# #≈#
#.#≈#@# #≈#
#.#≈#≈#####.#
#.#≈##.≈≈.≈##
#.##.####### #....#
######


You could see a river rat.

Vanquished Creatures
  3 adders
  2 river rats (D:3)
  An ooze (D:2)
  2 worms
  3 dart slugs
  An orc (D:1)
  2 giant cockroaches
  2 goblins
  11 hobgoblins
  3 jackals (D:3)
  3 kobolds
  10 bats
  5 frilled lizards
  10 rats
58 creatures vanquished.

Notes
Turn   | Place    | Note
-------+----------+-------------------------------------------
     0 | D:1      | MalarOregon the Ghoul Earth Elementalist began the quest
                  | for the Orb.
     0 | D:1      | Reached XP level 1. HP: 14/14 MP: 2/2
   474 | D:1      | Reached XP level 2. HP: 22/22 MP: 3/3
   634 | D:1      | Reached skill level 1 in Unarmed Combat
   650 | D:1      | Reached skill level 1 in Fighting
  1133 | D:2      | Reached XP level 3. HP: 26/28 MP: 4/4
  1497 | D:2      | Reached XP level 4. HP: 34/35 MP: 6/6
  1589 | D:2      | Found a sparkling altar of Nemelex Xobeh.
  2117 | D:3      | Reached XP level 5. HP: 32/41 MP: 7/7
  2228 | D:3      | HP: 1/41 [river rat (2)]
  2232 | D:3      | Slain by a river rat

Skill      XL: |  1  2  3  4 |
---------------+-------------+-----
Dodging        | 2 |  2.5
Unarmed Combat | 1 2 |  2.3
Fighting       | 1 2 |  2.0
Spellcasting   | 2 |  2.1
Stealth        | |  2.9
Transmutations | |  0.8
Earth Magic    | |  3.6

Action                   |  1- 3 |  4- 6 || total
-------------------------+-------+-------++-------
Melee: Unarmed           |   198 |    90 ||   288
       Punch             |     1 |       ||     1
 Cast: Sandblast         |       |     3 ||     3
 Stab: Sleeping          |     1 |     1 ||     2
       Distracted        |     1 |       ||     1
  Eat: Chunk             |    24 |     4 ||    28
Armor: Robe              |    38 |    12 ||    50
Dodge: Dodged            |   121 |    66 ||   187
